 Dungeon Crawl Stone Soup version 0.27-a0-1051-g288ea87c7c (webtiles) character file.

Game seed: 15258366489562913388

154 vhaine the Slasher (level 5, -11/38 HPs)
             Began as a Djinni Gladiator on Apr 20, 2021.
             Killed by nerve-wracking pain
             ... invoked by an orc priest
              (12 damage)
             ... on level 3 of the Dungeon.
             The game lasted 00:08:09 (3366 turns).

vhaine the Slasher (Djinni Gladiator)               Turns: 3366, Time: 00:08:10

Health: -11/38     AC:  5    Str: 13    XL:     5   Next: 36%
Gold:   85         EV: 12    Int: 17    God:
                   SH:  0    Dex: 14

rFire    + + .     SeeInvis .   a - +0 long sword
rCold    x . .     Faith    .   (no shield)
rNeg     . . .     Spirit   .   b - +0 leather armour
rPois    ∞         Reflect  .   c - +0 helmet
rElec    .         Harm     .   (no cloak)
rCorr    .         Rampage  .   k - +0 pair of gloves
Will     .....                  (boots unavailable)
Stlth    +.........             (no amulet)
HPRegen  0.12/turn              f - +6 ring of intelligence
MPRegen  0.00/turn              (no ring)

@: flying
A: fire resistance 2, cold vulnerability 1, float, innate caster, hp casting,
extra vitality 1
a: no special abilities


You were on level 3 of the Dungeon.
You visited 1 branch of the dungeon, and saw 3 of its levels.

You collected 85 gold pieces.

Inventory:

Hand Weapons
 a - a +0 long sword (weapon)
Missiles
 d - 3 throwing nets (quivered)
Armour
 b - a +0 leather armour (worn)
 c - a +0 helmet (worn)
 e - a +0 pair of boots
 k - a +0 pair of gloves (worn)
Magical Staves
 g - a staff of conjuration
Jewellery
 f - a +6 ring of intelligence (left hand)
 m - a +6 ring of intelligence
Wands
 n - a wand of paralysis (9)
Scrolls
 h - a scroll of amnesia {unknown}
 j - a scroll of acquirement {unknown}
Potions
 i - a potion of berserk rage {unknown}
 l - 3 potions of curing


   Skills:
 - Level 2.0 Fighting
 + Level 5.3 Long Blades
 - Level 1.5 Throwing
 - Level 3.2 Dodging


You had one spell level left.
You knew the following spells:

 Your Spells              Type           Power      Damage    Failure   Level
a - Shock                 Conj/Air       0%         1d3       30%         1
b - Wereblood             Tmut           0%         N/A       41%         2
Your spell library was empty.

Dungeon Overview and Level Annotations

Branches:
Dungeon (3/15)

Altars:
Cheibriados

Annotations:
D:2 Sigmund
D:3 Grinder


Innate Abilities, Weirdness & Mutations

You are immune to poison.
Your flesh is very heat resistant. (rF++)
You are vulnerable to cold. (rC-)
You float through the air rather than walking.
You learn spells naturally, not from books.
Your magical power is your life essence.
You have superior vitality. (+4 HP)


Message History

You hit the orc priest.
The orc priest is heavily wounded.
The orc priest hits you with a +0 short sword.
You hit the orc priest.
The orc priest is heavily wounded.
The orc priest hits you with a +0 short sword.
You hit the orc priest but do no damage.
The orc priest is heavily wounded.
The orc priest hits you with a +0 short sword.
You are too injured to fight recklessly!
You are too injured to fight recklessly!
You are too injured to fight recklessly!
You hit the orc priest but do no damage.
The orc priest is heavily wounded.
The orc priest hits you with a +0 short sword.
You hit the orc priest but do no damage.
The orc priest is heavily wounded.
The orc priest invokes the aid of Beogh against you.
Pain shoots through your body!
You hit the orc priest but do no damage.
The orc priest is heavily wounded.
The orc priest hits you with a +0 short sword.
* * * LOW HITPOINT WARNING * * *
The orc priest closely misses you.
You hit the orc priest but do no damage.
The orc priest is heavily wounded.
The orc priest closely misses you.
You completely miss the orc priest.
The orc priest is heavily wounded.
The orc priest hits you with a +0 short sword.
* * * LOW HITPOINT WARNING * * *
You barely miss the orc priest.
The orc priest is heavily wounded.
The orc priest hits you with a +0 short sword.
* * * LOW HITPOINT WARNING * * *
You hit the orc priest but do no damage.
The orc priest is heavily wounded.
The orc priest calls down the wrath of Beogh upon you.
Pain shoots through your body!
You die...

#.......##............#
......#.>....###.#####.#
...#.##..#.#.# #.#
####.##..#.#.# #.#
#.##..#.... #.#
#.##........#.## ♣.
......♣♣♣♣..#
.§PP§♣♣.♣♣♣♣.P.♣
♣♣♣.♣.###.P@.♣
.♣##.##o♣.# #'o.)'#P.#
♣.....##.##♣.## .♣.♣.
###


rP. .. ♣..# .♣ ♣.## P .. .. You could see an orc priest.

Vanquished Creatures
  Natasha (thrice) (D:2)
  2 gnolls (D:3)
  An adder (D:3)
  3 worms
  2 dart slugs (D:1)
  An orc (D:3)
  4 ball pythons
  2 bats
  4 endoplasms
  A goblin (D:1)
  A hobgoblin (D:2)
  5 jackals
  2 quokkas
  2 frilled lizards
  5 kobolds
  3 rats
41 creatures vanquished.

Vanquished Creatures (others)
  4 plants (D:3)
4 creatures vanquished.

Grand Total: 45 creatures vanquished

Notes
Turn   | Place    | Note
-------+----------+-------------------------------------------
     0 | D:1      | vhaine the Djinni Gladiator began the quest for the Orb.
     0 | D:1      | Reached XP level 1. HP: 18/18 MP: 0/0
    23 | D:1      | Found a faded altar of an unknown god.
   129 | D:1      | Reached skill level 3 in Long Blades
   328 | D:1      | Reached XP level 2. HP: 19/23 MP: 0/0
  1307 | D:2      | Noticed Natasha
  1570 | D:2      | Reached XP level 3. HP: 28/28 MP: 0/0
  1570 | D:2      | Learned a level 1 spell: Shock
  1588 | D:2      | Noticed Sigmund
  1779 | D:2      | Killed Natasha
  1780 | D:2      | Reached skill level 4 in Long Blades
  1943 | D:2      | Noticed Natasha
  1952 | D:2      | Killed Natasha
  1953 | D:2      | Reached XP level 4. HP: 22/33 MP: 0/0
  2092 | D:2      | Noticed Natasha
  2107 | D:2      | Killed Natasha
  2108 | D:2      | Reached skill level 5 in Long Blades
  2978 | D:3      | Found a snail-covered altar of Cheibriados.
  2981 | D:3      | Reached XP level 5. HP: 36/38 MP: 0/0
  2981 | D:3      | Learned a level 2 spell: Wereblood
  3095 | D:3      | Noticed Grinder
  3365 | D:3      | HP: 1/38 [orc priest/+0 short sword (5)]
  3366 | D:3      | Killed from afar by an orc priest

Illustrated notes

Levels and vault maps discovered:
D:1:      dpeg_arrival_pits, layout_basic, basic_ecumenical_altar,
          minmay_misc_feat_hallway, hex_large
D:2:      layout_rooms, uniq_natasha, uniq_sigmund
D:3:      wad_woods_tower, layout_loops_ring, overflow_temple_1_default,
          uniq_grinder

Skill      XL: |  1  2  3  4 |
---------------+-------------+-----
Long Blades    | 3 4 5 |  5.3
Fighting       | |  2.0
Throwing       | |  1.5
Dodging        | |  3.2

Action                   |  1- 3 |  4- 6 || total
-------------------------+-------+-------++-------
Melee: Long sword        |    86 |    72 ||   158
  Use: Scroll            |     1 |     1 ||     2
       Potion            |       |     1 ||     1
Armor: Leather armour    |    22 |    11 ||    33
Dodge: Dodged            |    62 |    31 ||    93
       Rpst.: Long sword |    13 |     9 ||    22

Table legend: (Time is in decaauts)
 A = Elapsed time spent in this place.
 B = Non-inter-level travel time spent in this place.
 C = Inter-level travel time spent in this place.
 D = Time resting spent in this place.
 E = Time spent auto-exploring this place.
 F = Levels seen in this place.
 G = Mean time per level.
                   A        B        C        D        E       F      G
               +--------+--------+--------+--------+--------+-----+--------+
         Total |   3401 |   3213 |    188 |   1596 |   1054 |   3 | 1133.7 |
       Dungeon |   3401 |   3213 |    188 |   1596 |   1054 |   3 | 1133.7 |
               +--------+--------+--------+--------+--------+-----+--------+

Top non-repeatable levels by time:
     D:1: 1716 daAuts
     D:2: 1273 daAuts
     D:3: 411 daAuts
